Zazza, neutral female human Wizard ############################### ------------- #--------------- ----- # |............ ------- ##..............| #..<..# ##............| |.....| ##|.............| #|...|# |...........| |......#####`|.......>.....| #-...|# ----.-------- |.@...| #|.............| #-----# # |..B..| |....`........| # # ### |.....| -------------.- # # # |.%...| # # ### ------- # # # # # ### # # # # # # # #-.------ ----------------# #|......| |..............|# #|......| |..............-# #-......| ---------------- -------- Zazza the Conjurer Experience level: 3 Strength: 12 Dexterity: 16 Constitution: 13 Intelligence: 18 Wisdom: 7 Charisma: 9 Health: 0(24) Energy: 22(22) Def: 0 Gold: 414 Moves: 997 Dungeon seed: -h1pSFgft0MlCN6L Game ID: Zazza_1528624693 Your Inventory: Coins $ - 414 gold pieces Weapons a - a blessed +1 quarterstaff (weapon in hands) p - 25 +0 darts r - a +0 orcish dagger Armor n - an uncursed +0 chain mail y - an uncursed +0 orcish helm Comestibles s - an uncursed lichen corpse t - 2 uncursed food rations u - an uncursed tripe ration Scrolls h - an uncursed scroll of enchant weapon i - an uncursed scroll of enchant armor j - an uncursed scroll of genocide Spellbooks k - a blessed spellbook of force bolt l - an uncursed spellbook of cure blindness Potions f - 2 uncursed potions of healing g - a blessed potion of restore ability Rings c - an uncursed +1 ring of protection d - an uncursed ring of polymorph control Wands b - a wand of enlightenment (0:10) Gems z - an uncursed worthless piece of white glass Spells and supernatural/magical abilities: Name Level Category Fail Memory a - force bolt 1 attack 0% 96% B - cure blindness 2 healing 53% 96% W - pray for help -- divine ? -- Your skills at the end: Fighting Skills Weapon Skills quarterstaff [Basic] Spellcasting Skills attack spells [Basic] enchantment spells [Basic] Final Attributes: You were stridently aligned. You are dead. Vanquished creatures: an acid blob a gecko 2 kobolds a goblin 2 sewer rats 3 grid bugs a bat 2 lichens 3 newts 16 creatures vanquished. Voluntary challenges: You were an atheist. You used a wielded weapon 17 times, starting on turn 44. You read items or engraved 2 times, starting on turn 926. You never genocided any monsters. You never polymorphed an object. You never changed form. You used no wishes. You never split a pudding. You never wrote Elbereth's name. You violated your moral code, losing 11 points of alignment, starting on turn 842. Dungeon overview: The Dungeons of Doom: levels 1 to 3 Level 1 a long staircase Level 2 Level 3 <- You were here History has recorded: On T:1 you entered the Dungeons of Doom to retrieve the Amulet of Yendor! On T:454 you reached level 2 of The Dungeons of Doom. On T:615 you advanced to experience level 2. On T:725 you reached level 3 of The Dungeons of Doom. On T:907 you advanced to experience level 3. Score breakdown: Gold: 414 ( 8905 points) Experience: 3 levels ( 7878 points) Exploration: 3 levels ( 6.12%) ( 6123 points) Discoveries: 3 items ( 1.04%) ( 3061 points) Valuables value: (no points given unless you survive) Artifact value: 0 ( 0 points) Variety of kills: 9 monsters ( 2.36%) ( 4610 points) Turncount: 997 turns ( 0 points) Survival: died (score multiplied by 80%) Total score: 24461 Latest messages: You see here a bat corpse. There is a broken door here. You see here a bat corpse. Blecch! Rotten food! You feel rather light headed. You finish eating the bat corpse. You hit it. The bat bites! You feel less confused now. You attack thin air. The bat bites! (2x) Something is written here in the dust. You read: "ac ??? ?u?". The bat bites! You whack the wall. The bat bites! (2x) You see here a food ration. You feel a bit steadier now. The bat bites! (3x) You die... Final status: Goodbye Zazza the Wizard, killed by a bat... You died in The Dungeons of Doom on dungeon level 3 with 24461 points, and 414 pieces of gold, after 997 moves. You were level 3 with a maximum of 24 hit points when you died.